 Dungeon Sprint DCSS version 0.20.1-1-g8b1a95d (webtiles) character file.

5000000 suicidejoker the Axe Maniac (level 23, -10/284 HPs)
             Began as a Troll Berserker on Aug 24, 2017.
             Mangled by a bag of meat
             ... wielding a +9 war axe
              (22 damage)
             ... in the Dungeon (Sprint VIII: "Arena of Blood") on Aug 25, 2017.
             The game lasted 00:02:58 (50 turns).

suicidejoker the Axe Maniac (Troll Berserker)         Turns: 50, Time: 00:02:59

Health: -10/284    AC:  7    Str: 31    XL:     23   Next: 58%
Magic:  21/46      EV: 30    Int:  3    God:
Gold:   0          SH:  0    Dex: 16    Spells: 62/62 levels left

rFire    . . .     SeeInvis .   j - +∞ Axe of Woe
rCold    . . .     Gourm    +   (shield currently unavailable)
rNeg     . . .     Faith    .   b - +0 animal skin
rPois    .         Spirit   .   (helmet restricted)
rElec    .         Reflect  .   (no cloak)
rCorr    .         Harm     .   (gloves unavailable)
MR       +....     NoTele   +   (boots unavailable)
Stlth    +++++++++.             (no amulet)
Regen    1.0/turn               k - +30 ring of slaying
MPRegen  0.3/turn               o - +200 ring of slaying

@: no status effects
A: unfitting armour, claws 3, fast metabolism 3, gourmand, regeneration 1,
shaggy fur 1, tough skin 2
a: no special abilities


You were in the Dungeon.
You were not hungry.

You visited 1 branch

Inventory:

Hand Weapons
 a - a +0 hand axe
 j - the +∞ Axe of Woe (weapon)
   (You found it in the Dungeon)
Armour
 b - a +0 animal skin (worn)
Jewellery
 k - a +30 ring of slaying (left claw)
 l - a +30 ring of slaying
 m - a +30 ring of slaying
 n - a +30 ring of slaying
 o - a +200 ring of slaying (right claw)
 p - a +30 ring of slaying
Scrolls
 i - a scroll of blinking
Potions
 d - a potion of curing
 e - a potion of heal wounds
 f - a potion of haste
 g - 2 potions of magic
 h - a potion of berserk rage
Comestibles
 c - 2 bread rations


   Skills:
 O Level 27 Fighting
 O Level 27 Axes
 + Level 26.3 Throwing
 + Level 24.6 Armour
 O Level 27 Dodging
 O Level 27 Stealth
 O Level 27 Unarmed Combat
 + Level 20.0 Spellcasting


You had 62 spell levels left.
You didn't know any spells.

Dungeon Overview and Level Annotations

Branches:
Dungeon (1/1)

Altars:
Makhleb


Innate Abilities, Weirdness & Mutations

You are too large for most types of armour.
You have claws for hands.
Your metabolism is lightning-fast.
You like to eat raw meat.
Your natural rate of healing is unusually fast.
You are covered in fur. (AC +1)
You have very tough skin. (AC +2)


Message History

You hear a shout! x7
The bag of meat hits you with a +9 war axe!
* * * LOW HITPOINT WARNING * * *
You chop the bag of meat into pieces!!!!!
You chop the bag of meat into pieces.
You kill the bag of meat!
Your Armour skill increases to level 24!
You have mastered Unarmed Combat!
You hear a shout! x7
You cut the bag of meat into ribbons!!!!!
You cleave the bag of meat in twain.
You kill the bag of meat!
Your Throwing skill increases to level 26!
Your Spellcasting skill increases to level 20!
You hear a shout! x7
You hear a shout! x9
The destroyer blinks!
You hear a shout!
The bag of meat hits you with a +9 war axe!!
You die...

o...... .O.......
#.......# .. #...
...# . ...###...
...###..
........###......
#.....V)§§§.%...
#)§)..# . #@§§._#
. ....#o....#....
#........_§%......
.......%###..%....
...###... ...###..
.. #... ...# .
#.......#
o........
.o...o...o.


You could see a destroyer, a meat berserker (berserk) and 2 bags of meat.

Vanquished Creatures
  20 orcs (D)
  A skeletal warrior (D)
  3 vampire knights (D)
  9 ogres (D)
  A two-headed ogre (D)
34 creatures vanquished.

Notes
Turn   | Place    | Note
-------+----------+-------------------------------------------
     0 | D        | suicidejoker the Troll Berserker began the quest for the Orb.
     0 | D        | Reached XP level 1. HP: 22/22 MP: 0/0
     3 | D        | Noticed a bag of meat
     3 | D        | Noticed a bag of meat
     5 | D        | Noticed a bag of meat
     5 | D        | Noticed a bag of meat
     6 | D        | Noticed a bag of meat
    10 | D        | Killed a bag of meat
    10 | D        | Reached XP level 2. HP: 55/55 MP: 1/1
    10 | D        | Reached XP level 3. HP: 63/63 MP: 2/2
    10 | D        | Reached XP level 4. HP: 72/72 MP: 3/3
    10 | D        | Reached XP level 5. HP: 80/80 MP: 4/4
    10 | D        | Reached XP level 6. HP: 89/89 MP: 5/5
    10 | D        | Reached XP level 7. HP: 97/97 MP: 6/6
    10 | D        | Reached XP level 8. HP: 106/106 MP: 7/7
    10 | D        | Reached XP level 9. HP: 114/114 MP: 8/8
    10 | D        | Reached XP level 10. HP: 123/123 MP: 9/9
    10 | D        | Reached XP level 11. HP: 131/131 MP: 10/10
    10 | D        | Killed a bag of meat
    10 | D        | Reached ** piety under Trog
    10 | D        | Reached XP level 12. HP: 146/146 MP: 11/11
    11 | D        | Noticed a bag of meat
    11 | D        | Noticed a bag of meat
    11 | D        | Killed a bag of meat
    11 | D        | Reached XP level 13. HP: 158/158 MP: 12/12
    12 | D        | Noticed a bag of meat
    13 | D        | Noticed a bag of meat
    13 | D        | Noticed a bag of meat
    14 | D        | Noticed a bag of meat
    14 | D        | Noticed a bag of meat
    14 | D        | Noticed a bag of meat
    14 | D        | Noticed a bag of meat
    15 | D        | Noticed a meat berserker
    15 | D        | Killed a bag of meat
    15 | D        | Reached XP level 14. HP: 172/172 MP: 13/13
    17 | D        | Noticed a meat berserker
    18 | D        | Killed a bag of meat
    18 | D        | Killed a bag of meat
    18 | D        | Reached *** piety under Trog
    18 | D        | Reached XP level 15. HP: 187/187 MP: 14/14
    21 | D        | Killed a meat berserker
    21 | D        | Reached **** piety under Trog
    21 | D        | Reached XP level 16. HP: 206/206 MP: 15/15
    22 | D        | Noticed a meat berserker
    23 | D        | Killed a meat berserker
    23 | D        | Reached XP level 17. HP: 155/219 MP: 16/16
    24 | D        | Noticed a meat berserker
    25 | D        | Noticed a meat berserker
    25 | D        | Noticed a destroyer
    26 | D        | Noticed a meat berserker
    27 | D        | Noticed a meat berserker
    27 | D        | Noticed a destroyer
    27 | D        | Killed a destroyer
    27 | D        | Reached ***** piety under Trog
    27 | D        | Reached skill level 27 in Fighting
    27 | D        | Reached skill level 27 in Axes
    27 | D        | Reached skill level 27 in Dodging
    27 | D        | Reached XP level 18. HP: 170/236 MP: 17/17
    27 | D        | Noticed a destroyer
    28 | D        | Noticed a large bag of meat
    28 | D        | Killed a meat berserker
    28 | D        | Reached skill level 10 in Throwing
    31 | D        | Noticed a meat berserker
    31 | D        | Killed a meat berserker
    31 | D        | Reached XP level 19. HP: 129/245 MP: 17/31
    32 | D        | Killed a meat berserker
    32 | D        | Reached skill level 15 in Throwing
    33 | D        | Killed a meat berserker
    33 | D        | Reached XP level 20. HP: 137/256 MP: 17/35
    33 | D        | Killed a destroyer
    36 | D        | Killed a large bag of meat
    37 | D        | Killed a meat berserker
    37 | D        | Reached XP level 21. HP: 95/265 MP: 18/38
    37 | D        | Reached * piety under Trog
    39 | D        | Killed a destroyer
    40 | D        | HP: 11/265 [meat berserker/+9 battleaxe (70)]
    41 | D        | Reached skill level 27 in Stealth
    41 | D        | Reached XP level 22. HP: 12/275 MP: 19/39
    41 | D        | Reached skill level 15 in Spellcasting
    43 | D        | Noticed a destroyer
    43 | D        | Fell from the grace of Trog
    44 | D        | Reached XP level 23. HP: 14/284 MP: 19/44
    47 | D        | HP: 9/284 [bag of meat/+9 war axe (7)]
    48 | D        | Reached skill level 27 in Unarmed Combat
    50 | D        | Mangled by a bag of meat

Skill      XL: |  1  2  3  4  5  6  7  8  9 10 11 12 13 14 15 16 17 18 19 20 21 22 23 |
---------------+----------------------------------------------------------------------+-----
Fighting       | 14 16 18 19 21 24 25 27 | 27.0
Axes           | 14 16 17 18 20 24 25 27 | 27.0
Dodging        | 14 16 17 18 20 22 24 27 | 27.0
Throwing       | 13 17 19 23 26 | 26.3
Armour         | 12 16 17 22 24 | 24.6
Stealth        | 9 12 21 27 | 27.0
Unarmed Combat | 14 18 20 25 27 | 27.0
Spellcasting   | 9 12 14 18 20 | 20.0

Action                   |  1- 3 |  4- 6 |  7- 9 | 10-12 | 13-15 | 16-18 | 19-21 | 22-24 || total
-------------------------+-------+-------+-------+-------+-------+-------+-------+-------++-------
Melee: Executioner's axe |     1 |       |       |     1 |     5 |     5 |     6 |     6 ||    24
 Stab: Distracted        |       |       |       |       |       |       |       |     1 ||     1
